 Dungeon Crawl Stone Soup version 0.23.2-1-ga50397a6bc (webtiles) character file.

Game seed: 17164021503991587689

224 Gargoyl the Skirmisher (level 5, -2/46 HPs)
             Began as a Centaur Abyssal Knight on May 7, 2019.
             Was a Believer of Lugonu.
             Slain by an ogre
             ... wielding a +0 giant club
              (25 damage)
             ... on level 4 of the Dungeon on May 8, 2019.
             The game lasted 00:04:33 (2903 turns).

Gargoyl the Skirmisher (Centaur Abyssal Knight)     Turns: 2903, Time: 00:04:33

Health: -2/46      AC:  6    Str: 14    XL:     5   Next: 67%
Magic:  7/7        EV:  8    Int: 11    God:    Lugonu [**....]
Gold:   227        SH:  0    Dex: 10    Spells: 4/4 levels left

rFire    . . .     SeeInvis .   a - +5 hand axe (venom)
rCold    . . .     Gourm    .   (no shield)
rNeg     . . .     Faith    .   j - +0 ring mail
rPois    .         Spirit   .   (no helmet)
rElec    .         Reflect  .   (no cloak)
rCorr    .         Harm     .   (no gloves)
MR       .....                  (no barding)
Stlth    ..........             (no amulet)
HPRegen  0.15/turn              (no ring)
MPRegen  0.10/turn              (no ring)

@: very quick
A: large, hooves 3, deformed body, speed 2, tough skin 3
a: Depart the Abyss, Bend Space, Renounce Religion


You were on level 4 of the Dungeon.
You worshipped Lugonu.
Lugonu was pleased with you.
You were hungry.

You visited 1 branch of the dungeon, and saw 4 of its levels.
You visited the Abyss 1 time.

You collected 227 gold pieces.

Inventory:

Hand Weapons
 a - a +5 hand axe of venom (weapon)
Missiles
 k - 3 tomahawks (quivered)
Armour
 j - a +0 ring mail (worn)
Scrolls
 e - a scroll of brand weapon
 l - 3 scrolls of fog
 m - a scroll of identify
Potions
 b - a potion of brilliance {unknown}
 d - 3 potions of haste
 f - a potion of agility {unknown}
 g - a potion of might {unknown}
 h - a potion of heal wounds
 i - a potion of mutation {unknown}
Comestibles
 c - 4 rations


   Skills:
 + Level 4.1 Fighting
 + Level 2.8 Axes
 * Level 2.4 Armour
 * Level 1.8 Dodging
 * Level 3.0 Invocations


You had 4 spell levels left.
You didn't know any spells.
Your spell library contained the following spells:

 Spells                   Type           Power        Failure   Level  Hunger
 Magic Dart               Conj           #...         56%         1    ##.....
 Blink                    Tloc           N/A          71%         2    ###....
 Call Imp                 Summ           #.......     71%         2    ###....
 Slow                     Hex            #.......     71%         2    ###....
 Conjure Flame            Conj/Fire      #.......     91%         3    ####...
 Mephitic Cloud           Conj/Pois/Air  #.......     91%         3    ####...


Dungeon Overview and Level Annotations

Branches:
Dungeon (4/15)             Temple (0/1) D:4

Altars:
Trog

Annotations:
D:3 Grinder


Innate Abilities, Weirdness & Mutations

You have hooves in place of feet.
Armour fits poorly on your strangely shaped body.
You cover ground very quickly.
You have extremely tough skin. (AC +3)


Message History

Press: ? - help, Shift-Dir - straight line, f/p - ogre
Aim: an ogre, wielding a +0 giant club (lightly wounded)
You throw a tomahawk. The tomahawk hits the ogre.
The ogre is lightly wounded.
Throwing (i - inventory)
k - 4 tomahawks (quivered)
Press: ? - help, Shift-Dir - straight line, f/p - ogre
Aim: an ogre, wielding a +0 giant club (lightly wounded)
You throw a tomahawk. The tomahawk hits the ogre.
The ogre is moderately wounded.
You barely miss the ogre. You kick the ogre, but do no damage.
The ogre is moderately wounded.
The ogre hits you with a +0 giant club!
You hit the ogre.
The ogre is heavily wounded.
The ogre hits you with a +0 giant club!
You slash the ogre! Your kick misses the ogre.
The ogre is almost dead.
The ogre hits you with a +0 giant club!!
Ouch! That really hurt!
You die...

... #..# ...
..##..###..
............
..........
........ #...# .#
##...##.#
#..@....#
#..O....#
#..(....#
#..(>...#
#.......#
###(..#+##
#.......#
#.≈.≈≈.≈≈...≈..
≈≈≈.≈≈≈≈≈.≈≈≈≈≈≈.


You could see an ogre.

Vanquished Creatures
  A centaur (D:2)
  3 gnolls (D:2)
  3 adders
  2 worms (D:2)
  2 dart slugs (D:1)
  2 leopard geckos (D:3)
  6 giant cockroaches
  6 goblins
  13 hobgoblins
  A quokka (D:3)
  4 ball pythons
  A ball python skeleton (D:2)
  7 bats
  4 frilled lizards
  8 kobolds
  9 rats
72 creatures vanquished.

Notes
Turn   | Place    | Note
-------+----------+-------------------------------------------
     0 | Abyss:1  | Gargoyl the Centaur Abyssal Knight began the quest for the
                  | Orb.
     0 | Abyss:1  | Reached XP level 1. HP: 19/19 MP: 2/2
    25 | Abyss:1  | Found a corrupted altar of Lugonu.
   162 | Abyss:4  | Noticed a large abomination
   163 | D:1      | Escaped the Abyss
   368 | D:1      | Reached skill level 1 in Dodging
   368 | D:1      | Reached XP level 2. HP: 21/26 MP: 3/3
   388 | D:1      | Reached * piety under Lugonu
   955 | D:1      | Reached XP level 3. HP: 31/31 MP: 4/4
  1435 | D:2      | Noticed a centaur
  1446 | D:2      | Killed a centaur
  1446 | D:2      | Reached XP level 4. HP: 31/40 MP: 4/6
  1605 | D:2      | Reached XP level 5. HP: 36/46 MP: 7/7
  1788 | D:2      | Reached ** piety under Lugonu
  1795 | D:2      | Reached skill level 4 in Fighting
  2522 | D:3      | Found a bloodstained altar of Trog.
  2662 | D:3      | Found a faded altar of an unknown god.
  2725 | D:3      | Noticed Grinder
  2739 | D:3      | Paralysed by Grinder for 2 turns
  2763 | D:4      | Found a staircase to the Ecumenical Temple.
  2766 | D:4      | Got a steaming spear
  2767 | D:4      | Identified the +7 spear "Zosak" {drain, +Rage +Inv Int-5
                  | Dex-2} (You found it on level 4 of the Dungeon)
  2886 | D:4      | Noticed an ogre
  2903 | D:4      | Slain by an ogre

Skill      XL: |  1  2  3  4  5 |
---------------+----------------+-----
Dodging        | 1 |  1.8
Axes           | 2 |  2.8
Armour         | 2 |  2.4
Fighting       | 4 |  4.1
Invocations    | 3 |  3.0

Action                   |  1- 3 |  4- 6 || total
-------------------------+-------+-------++-------
Melee: Hand axe          |    61 |    92 ||   153
       Kick              |    11 |    10 ||    21
Throw: Tomahawk          |       |     3 ||     3
Invok: Depart the Abyss  |     1 |       ||     1
  Use: Scroll            |     6 |     5 ||    11
       Potion            |     2 |       ||     2
  Eat: Chunk             |       |     4 ||     4
Armor: Leather armour    |    29 |       ||    29
       Ring mail         |       |    31 ||    31
Dodge: Dodged            |    34 |    41 ||    75
